 Dungeon Crawl Stone Soup version 0.19-a0-1341-g3513869 (webtiles) character file.

154687 poirepourri the Peltast (level 17, -1/109 HPs)
             Began as a Gargoyle Fighter on Sept 1, 2016.
             Was a High Priest of Cheibriados.
             Slain by a snapping turtle (18 damage)
             ... on level 1 of the Shoals.
             The game lasted 00:50:28 (27876 turns).

poirepourri the Peltast (Gargoyle Fighter)         Turns: 27876, Time: 00:50:28

Health: -1/109     AC: 34    Str: 37    XL:     17   Next: 33%
Magic:  17/20      EV: 25    Int: 23    God:    Cheibriados [*****.]
Gold:   924        SH: 22    Dex: 28    Spells: 0 memorised, 16 levels left

rFire  . . .     SeeInvis .     a - +1 morningstar "Spiderslayer" {flame, rPois MR+}
rCold  + . .     Gourm    .     P - +4 scale mail of Focus {rCorr Dex+2 Slay+2}
rNeg   + . .     Faith    .     V - +2 shield
rPois  ∞         Spirit   .     R - +0 hat {MR+}
rElec  +         Dismiss  .     B - +1 cloak
rCorr  +         Reflect  +     N - +1 pair of gloves
MR     +++..     Harm     .     I - +2 pair of boots
Stlth  +.........               W - +3 amulet of reflection
                                U - ring of protection from cold
                                k - +2 ring of strength

@: very slow
A: big wings, negative energy resistance 1, shaggy fur 1, electricity
resistance, unbreathing, petrification resistance, rot immunity, AC +12
a: Fly, Bend Time, Temporal Distortion, Slouch, Step From Time, Renounce
Religion
}: 1/15 runes: serpentine


You were on level 1 of the Shoals.
You worshipped Cheibriados.
Cheibriados was extremely pleased with you.
You were not hungry.

You visited 5 branches of the dungeon, and saw 23 of its levels.

You collected 1210 gold pieces.
You spent 286 gold pieces at shops.

Inventory:

Hand Weapons
 a - the +1 morningstar "Spiderslayer" (weapon) {flame, rPois MR+}
   (You found it on level 4 of the Lair of Beasts)

   It has been specially enchanted to burn those struck by it, causing extra
   injury to most foes and up to half again as much damage against particularly
   susceptible opponents.
   It protects you from poison.
   It affects your resistance to hostile enchantments.
 b - a +1 hand crossbow
 l - a +3 flail of protection
 v - a +0 flail
Missiles
 h - 27 tomahawks
 t - 2 tomahawks of returning (quivered)
 E - 194 bolts
 F - 2 javelins
Armour
 n - a +0 scale mail of fire resistance
 B - a +1 cloak (worn)
 I - a +2 pair of boots (worn)
 N - a +1 pair of gloves (worn)
 P - the +4 scale mail of Focus (worn) {rCorr Dex+2 Slay+2}
   (You found it on level 2 of the Snake Pit)

   It affects your dexterity (+2).
   It affects your accuracy and damage with ranged weapons and melee attacks
   (+2).
   It protects you from acid and corrosion.
 R - a +0 hat of magic resistance (worn)
 V - a +2 shield (worn)
Jewellery
 e - an uncursed amulet of the gourmand
 j - an uncursed amulet of magic regeneration
 k - a +2 ring of strength (left hand)
 o - an uncursed amulet of rage
 U - a ring of protection from cold (right hand)
 W - a +3 amulet of reflection (around neck)
Wands
 u - a wand of flame (13/48)
 w - a wand of paralysis (22/24)
 y - a wand of flame (6/48)
 C - a wand of paralysis (11/24)
 D - a wand of lightning (7/15)
 M - a wand of acid (5/15)
 X - a wand of lightning (8/15)
 Z - a wand of iceblast (2/15)
Scrolls
 i - 7 scrolls of remove curse
 p - 4 scrolls of teleportation
 Q - 2 scrolls of amnesia
Potions
 g - 4 potions of cancellation
 m - 6 potions of curing
 q - a potion of magic
 r - a potion of resistance
 s - 5 potions of mutation
 A - a potion of ambrosia
 J - a potion of agility
 K - a potion of lignification
 S - a potion of flight
Books
 x - a book of Power

   Spells                             Type                      Level
   a - Fulminant Prism                Conjuration/Hexes            4
   b - Iskenderun's Mystic Blast      Conjuration                  4
   c - Venom Bolt                     Conjuration/Poison           5
   d - Bolt of Magma                  Conjuration/Fire/Earth       5
   e - Iron Shot                      Conjuration/Earth            6
   f - Orb of Destruction             Conjuration                  7
   g - Spellforged Servitor           Conjuration/Summoning        7
 z - a book of Party Tricks

   Spells                             Type                      Level
   a - Summon Butterflies             Summoning                    1
   b - Apportation                    Translocation                1
   c - Tukima's Dance                 Hexes                        3
   d - Alistair's Intoxication        Transmutation/Poison         5
   e - Invisibility                   Hexes                        6
 G - a book of Beasts

   Spells                             Type                      Level
   a - Summon Butterflies             Summoning                    1
   b - Call Canine Familiar           Summoning                    3
   c - Summon Ice Beast               Ice/Summoning                4
   d - Summon Mana Viper              Hexes/Summoning              5
   e - Summon Hydra                   Summoning                    7
 L - a book of the Earth

   Spells                             Type                      Level
   a - Leda's Liquefaction            Hexes/Earth                  4
   b - Bolt of Magma                  Conjuration/Fire/Earth       5
   c - Statue Form                    Transmutation/Earth          6
   d - Iron Shot                      Conjuration/Earth            6
   e - Shatter                        Earth                        9
 O - a book of Maledictions

   Spells                             Type                      Level
   a - Corona                         Hexes                        1
   b - Ensorcelled Hibernation        Hexes/Ice                    2
   c - Confuse                        Hexes                        3
   d - Tukima's Dance                 Hexes                        3
   e - Dazzling Spray                 Conjuration/Hexes            3
 T - a book of Conjurations

   Spells                             Type                      Level
   a - Magic Dart                     Conjuration                  1
   b - Searing Ray                    Conjuration                  2
   c - Dazzling Spray                 Conjuration/Hexes            3
   d - Fulminant Prism                Conjuration/Hexes            4
   e - Iskenderun's Mystic Blast      Conjuration                  4
   f - Iskenderun's Battlesphere      Conjuration/Charms           5
Comestibles
 d - 6 meat rations
 f - 5 bread rations


   Skills:
 + Level 13.6 Fighting
 + Level 14.6 Maces & Flails
 + Level 3.5 Crossbows
 - Level 0.5 Throwing
 + Level 9.4 Armour
 + Level 13.5 Dodging
 + Level 16.1 Shields
 + Level 5.2 Invocations


You had 16 spell levels left.
You didn't know any spells.

Dungeon Overview and Level Annotations

Branches:
Dungeon (11/15)            Temple (1/1) D:4            Lair (6/6) D:9
 Shoals (1/4) Lair:4        Snake (4/4) Lair:2        Slime (0/5) Lair:5
    Orc: D:9-12

Altars:
Ashenzari
Cheibriados
Dithmenos
Elyvilon
Fedhas
Gozag
Hepliaklqana
Kikubaaqudgha
Makhleb
Nemelex Xobeh
Okawaru
Qazlal
Ru
Sif Muna
Trog
Uskayaw
Vehumet
Xom
Yredelemnul
Zin
The Shining One
Jiyva

Shops:
D:6 ?   D:7 *?%

Annotations:
D:7 1 runed door


Innate Abilities, Weirdness & Mutations

You are resistant to torment.
Your stone body is resilient. (AC +12)
You are immune to poison.
Your large and strong wings let you fly indefinitely.
You resist negative energy. (rN+)
You are resistant to electric shocks. (rElec)
You can survive without breathing.
You are immune to petrification.
You are immune to rotting.
You are covered in fur. (AC +1)


Message History

Your surroundings suddenly seem different.
A snapping turtle comes into view.
The snapping turtle hisses angrily.
You block the snapping turtle's attack. x2
You hit the snapping turtle but do no damage.
The snapping turtle bites you.
* * * LOW HITPOINT WARNING * * *
You puncture the snapping turtle! You burn the snapping turtle.
The snapping turtle is moderately wounded.
You block the snapping turtle's attack.
You hit the snapping turtle but do no damage.
The snapping turtle is lightly wounded.
You block the snapping turtle's attack. The flow of time bends around you.
Cheibriados rebukes the snapping turtle.
The snapping turtle seems to slow down.
You feel slightly more hungry.
You puncture the snapping turtle! You burn the snapping turtle.
The snapping turtle is heavily wounded.
The snapping turtle bites you!!
You die...

...≈.....
..≈≈.....
..≈≈≈... #..≈≈.#
###..≈.##
#....≈..#.≈
##t.P≈.....≈
#.P@.≈≈≈≈≈≈≈
≈≈≈P≈≈PP≈P≈≈≈≈≈≈
≈≈≈P≈≈P≈≈P≈≈≈≈≈≈
≈≈≈≈≈≈≈≈≈≈≈≈≈≈≈≈
≈≈≈≈≈≈P≈≈≈≈≈≈≈≈≈
≈≈≈≈≈≈≈P≈≈≈≈≈≈≈≈
≈≈≈≈≈≈≈≈≈≈≈≈≈≈≈≈
≈≈≈≈≈≈≈≈≈≈≈≈≈≈≈≈


You could see a snapping turtle.

Vanquished Creatures
  Donald (Snake:4)
  8 greater nagas (Snake:4)
  21 naga warriors
  10 anacondas
  5 hydras
  The ghost of Slobodan the Destroyer, a journeyman TeCj of Vehumet (Lair:1)
  5 death yaks
  20 naga sharpshooters
  13 shock serpents
  A fire crab (Lair:5)
  A salamander mystic (Snake:4)
  11 sea snakes (Snake:4)
  9 naga ritualists
  13 mana vipers
  A hill giant (D:10)
  2 griffons
  An oklob plant (Lair:6)
  7 salamanders
  4 sirens
  9 guardian serpents
  49 black mambas
  8 elephants
  Maurice (D:9)
  21 naga magi
  5 rime drakes
  7 spiny frogs
  4 komodo dragons
  4 merfolk (Shoals:1)
  3 polar bears
  A troll (D:9)
  A two-headed ogre (D:9)
  10 blink frogs
  A snapping turtle (Shoals:1)
  19 yaks
  A wraith (D:10)
  A human (D:8)
  7 wyverns
  4 basilisks
  Grum (D:9)
  2 fire bats (Shoals:1)
  A steam dragon (Lair:3)
  14 hippogriffs
  60 nagas
  A mottled dragon (Lair:6)
  16 water moccasins
  9 porcupines
  3 orc warriors
  2 swamp drakes (Lair:4)
  3 black bears
  2 sky beasts
  A necrophage (D:6)
  2 phantoms (D:7)
  8 wolves
  8 crocodiles
  11 centaurs
  A big kobold (D:7)
  21 giant frogs
  A water moccasin zombie (D:6)
  3 scorpions
  A water moccasin skeleton (D:4)
  10 wights (D:7)
  2 electric eels
  8 crimson imps
  7 howler monkeys
  A wasp zombie (D:9)
  A quasit (D:6)
  4 hounds
  2 jellies
  9 orc priests
  9 orc wizards
  A giant frog skeleton (D:9)
  10 iguanas
  Natasha (thrice) (D:3)
  7 worker ants
  A killer bee zombie (D:7)
  A worker ant zombie (D:9)
  A howler monkey zombie (D:6)
  A gnoll (D:7)
  A howler monkey skeleton (D:4)
  19 adders
  60 river rats
  2 shadow imps
  3 oozes
  An adder zombie (D:9)
  3 adder skeletons
  2 worms
  3 dart slugs
  7 giant geckos
  53 orcs
  6 giant cockroaches
  12 hobgoblins
  22 jackals
  14 kobolds
  6 quokkas
  6 ball pythons
  5 bats
  A giant cockroach zombie (D:6)
  2 giant gecko skeletons
  A giant gecko zombie (D:6)
  8 giant newts
  21 goblins
  6 rats
  A fungus (D:9)
  A plant (Lair:2)
805 creatures vanquished.

Vanquished Creatures (others)
  A sea snake (Snake:4)
  A salamander (Snake:4)
  A black mamba (Snake:4)
  An iguana (Lair:1)
  An orc (D:7)
  16 fungi
  5 plants
26 creatures vanquished.

Grand Total: 831 creatures vanquished

Notes
Turn   | Place    | Note
-------+----------+-------------------------------------------
     0 | D:1      | poirepourri the Gargoyle Fighter began the quest for the Orb.
     0 | D:1      | Reached XP level 1. HP: 14/14 MP: 1/1
    83 | D:1      | Reached XP level 2. HP: 18/19 MP: 2/2
   330 | D:1      | Reached XP level 3. HP: 18/24 MP: 3/3
   856 | D:2      | Reached skill level 1 in Dodging
   897 | D:2      | Reached XP level 4. HP: 21/29 MP: 4/4
  1480 | D:3      | Reached XP level 5. HP: 25/34 MP: 5/5
  2078 | D:3      | Noticed Natasha
  2085 | D:3      | Killed Natasha
  2085 | D:3      | Reached XP level 6. HP: 40/40 MP: 6/6
  2250 | D:3      | Noticed Natasha
  2255 | D:3      | Killed Natasha
  2284 | D:3      | Noticed Natasha
  2294 | D:3      | Killed Natasha
  2294 | D:3      | Reached skill level 5 in Fighting
  2493 | D:4      | Found a staircase to the Ecumenical Temple.
  2508 | D:4      | Reached XP level 7. HP: 44/44 MP: 7/7
  2520 | Temple   | Entered the Ecumenical Temple
  3418 | D:4      | Reached skill level 5 in Maces & Flails
  3534 | D:5      | Entered Level 5 of the Dungeon
  3866 | D:4      | Reached XP level 8. HP: 47/51 MP: 8/8
  4030 | D:5      | Found a snail-covered altar of Cheibriados.
  4069 | D:5      | Found a white marble altar of Elyvilon.
  4104 | D:5      | Became a worshipper of Cheibriados the Contemplative
  4214 | D:5      | Found a blossoming altar of Fedhas.
  4332 | D:5      | Reached skill level 5 in Dodging
  4619 | D:5      | Found a blossoming altar of Fedhas.
  4787 | D:6      | Reached * piety under Cheibriados
  5290 | D:6      | Found a radiant altar of Vehumet.
  5410 | D:6      | Found Imuqoiha's Magic Scroll Emporium.
  5429 | D:6      | Bought a scroll of teleportation for 42 gold pieces
  5429 | D:6      | Bought a scroll of teleportation for 42 gold pieces
  5429 | D:6      | Bought a scroll of identify for 28 gold pieces
  5435 | D:6      | Found a burning altar of Makhleb.
  5494 | D:6      | Reached XP level 9. HP: 38/56 MP: 9/9
  5704 | D:6      | Reached ** piety under Cheibriados
  6373 | D:7      | Reached *** piety under Cheibriados
  6441 | D:7      | Found Lam Lerchump's General Store.
  6804 | D:7      | Found Bashrivi's Magic Scroll Boutique.
  6808 | D:7      | Bought a scroll of identify for 22 gold pieces
  6808 | D:7      | Bought a scroll of blinking for 82 gold pieces
  6817 | D:7      | Found a runed door.
  7031 | D:7      | Found Uzyl's Food Emporium.
  7087 | D:7      | Bought a meat ration for 70 gold pieces
  7113 | D:7      | Reached **** piety under Cheibriados
  7617 | D:7      | Found an opulent altar of Gozag.
  7686 | D:7      | Reached XP level 10. HP: 64/64 MP: 10/10
  7714 | D:7      | Found an iron altar of Okawaru.
  7916 | D:8      | Found a sacrificial altar of Ru.
  8197 | D:8      | Found a bloodstained altar of Trog.
  8197 | D:8      | Found a hazy altar of Hepliaklqana.
  8819 | D:8      | Reached ***** piety under Cheibriados
  9041 | D:9      | Noticed Grum
  9057 | D:9      | Killed Grum
  9205 | D:9      | Noticed Maurice
  9307 | D:9      | Found a shadowy altar of Dithmenos.
  9309 | D:9      | Found a deep blue altar of Sif Muna.
  9330 | D:9      | Found a staircase to the Lair.
  9488 | D:9      | Killed Maurice
  9488 | D:9      | Reached skill level 10 in Maces & Flails
  9557 | D:9      | Reached XP level 11. HP: 71/71 MP: 11/11
  9694 | D:9      | You fall through a shaft for 2 floors!
  9717 | D:10     | Entered Level 10 of the Dungeon
  9717 | D:10     | Noticed a hill giant
  9724 | D:10     | Killed a hill giant
  9929 | Lair:1   | Entered Level 1 of the Lair of Beasts
 10195 | Lair:1   | Noticed Slobodan's ghost (journeyman TeCj)
 10361 | Lair:1   | Reached skill level 10 in Fighting
 10369 | Lair:1   | Reached ****** piety under Cheibriados
 10802 | Lair:1   | Killed Slobodan's ghost
 11387 | Lair:2   | Noticed an eight-headed hydra
 11397 | Lair:2   | Killed an eight-headed hydra
 11397 | Lair:2   | Reached skill level 10 in Dodging
 11830 | Lair:2   | Reached skill level 1 in Invocations
 11873 | Lair:2   | Found a staircase to the Snake Pit.
 11880 | Lair:2   | Reached XP level 12. HP: 77/78 MP: 12/12
 12045 | Lair:2   | Reached skill level 4 in Shields
 12118 | Lair:2   | Noticed a death yak
 12120 | Lair:2   | Noticed a death yak
 12120 | Lair:2   | Noticed a death yak
 12120 | Lair:2   | Noticed a death yak
 12595 | Lair:2   | Killed a death yak
 12595 | Lair:2   | Reached skill level 5 in Shields
 12602 | Lair:2   | Killed a death yak
 12602 | Lair:2   | Killed a death yak
 12602 | Lair:2   | Killed a death yak
 12902 | Lair:2   | Reached skill level 6 in Shields
 13693 | Lair:3   | Noticed a seven-headed hydra
 13699 | Lair:3   | Killed a seven-headed hydra
 13896 | Lair:3   | Reached skill level 7 in Shields
 14748 | Lair:4   | Gained mutation: You are covered in fur. (AC +1) [potion of beneficial mutation]
 14763 | Lair:4   | Reached skill level 5 in Armour
 14763 | Lair:4   | Reached XP level 13. HP: 83/83 MP: 15/15
 15019 | Lair:4   | Got a shimmering morningstar
 15024 | Lair:4   | Identified the cursed +1 morningstar "Spiderslayer" {flame, rPois MR+} (You found it on level 4 of the Lair of Beasts)
 15299 | Lair:4   | Reached skill level 8 in Shields
 15335 | Lair:4   | Found a staircase to the Shoals.
 15816 | Lair:5   | Found a viscous altar of Jiyva.
 15816 | Lair:5   | Found a staircase to the Slime Pits.
 16454 | Lair:5   | Reached skill level 9 in Shields
 16718 | Lair:6   | Entered Level 6 of the Lair of Beasts
 18077 | Lair:5   | Reached skill level 10 in Shields
 18077 | Lair:5   | Gained mutation: Your large and strong wings let you fly indefinitely. [Gargoyle growth]
 18077 | Lair:5   | Reached XP level 14. HP: 90/90 MP: 16/16
 18161 | Snake:1  | Entered Level 1 of the Snake Pit
 19634 | Snake:1  | Reached skill level 11 in Shields
 20534 | Snake:1  | Reached skill level 1 in Crossbows
 21214 | Snake:2  | Identified a scroll of acquirement
 21945 | Snake:2  | Reached skill level 12 in Shields
 21945 | Snake:2  | Reached XP level 15. HP: 96/96 MP: 18/18
 22411 | Snake:2  | Got a translucent scale mail
 22427 | Snake:2  | Identified the +4 scale mail of Focus {rCorr Dex+2 Slay+2} (You found it on level 2 of the Snake Pit)
 24779 | Snake:4  | Entered Level 4 of the Snake Pit
 24779 | Snake:4  | Noticed Donald
 24788 | Snake:4  | Killed Donald
 25138 | Snake:4  | Reached skill level 13 in Shields
 25578 | Snake:4  | Reached XP level 16. HP: 73/103 MP: 19/19
 26032 | Snake:4  | Reached skill level 14 in Shields
 26041 | Snake:4  | Noticed a greater naga
 26067 | Snake:4  | Killed a greater naga
 26543 | Snake:4  | Noticed a greater naga
 26553 | Snake:4  | Killed a greater naga
 26635 | Snake:4  | Noticed a greater naga
 26645 | Snake:4  | Killed a greater naga
 26704 | Snake:4  | Noticed a greater naga
 26705 | Snake:4  | Noticed a greater naga
 26711 | Snake:4  | Noticed a greater naga
 26712 | Snake:4  | Noticed a greater naga
 26713 | Snake:4  | Reached skill level 5 in Invocations
 26723 | Snake:4  | Killed a greater naga
 26723 | Snake:4  | Reached skill level 15 in Shields
 27070 | Snake:4  | Killed a greater naga
 27142 | Snake:4  | Killed a greater naga
 27142 | Snake:4  | Reached XP level 17. HP: 80/109 MP: 20/20
 27521 | Snake:4  | Got a serpentine rune of Zot
 27769 | Shoals:1 | Entered Level 1 of the Shoals
 27777 | Shoals:1 | Reached skill level 16 in Shields
 27876 | Shoals:1 | Slain by a snapping turtle

Vault maps used:
D:1:      dpeg_arrival_orchard
D:2:      first_bread
D:3:      minmay_goblin_kobold_house, uniq_natasha
D:5:      lemuel_doored_altar, kennysheep_mini, kennysheep_mini_moat,
          st_stairs_13, fedhas_altar_fruit_tree
D:6:      makhleb_blood_cavern_becter, vehumet_altar_wand_db, serial_shops,
          shop, minmay_bent
D:7:      lemuel_coloured_pillars_altar, okawaru_altar_gauntlet_db,
          serial_shops, nicolae_shop_stone, shop, nicolae_shop_crystal,
          uniq_crazy_yiuf_cottage
D:8:      amethyst_overflow_temple_binary, marbit_many_paths, grunt_pizzeria,
          lightli_minifort
D:9:      grunt_temple_overflow_open, dpeg_oklobed_lair, uniq_grum, uniq_maurice
D:11:     david_orc_1_choice
Temple:   grunt_temple_mini_profane
Lair:2:   minmay_snake_entry_six_corridors, serial_bayou_shore_a
Lair:3:   grunt_megastairs_3
Lair:4:   minmay_shoals_entry_centaurs, small_statue_intersection,
          guppyfry_lair_drakes, lemuel_fruit_fields
Lair:5:   slime_altar_1
Lair:6:   grunt_lair_end_beastmaster, st_stairs_11, bobbens_dragon_lair_wall,
          serial_bayou_shore_b
Shoals:1: hangedman_shoal_volcano
Snake:1:  hangedman_snake_thin_pillar_pass
Snake:3:  spider_trap, st_stairs_9, abandoned_shop, grunt_megastairs_5
Snake:4:  grunt_snake_rune_pools, uniq_donald

Skill      XL: |  1  2  3  4  5  6  7  8  9 10 11 12 13 14 15 16 17 |
---------------+----------------------------------------------------+-----
Fighting       | 4 5 6 7 9 10 11 12 13 | 13.6
Dodging        | 1 2 3 4 6 7 8 10 11 12 13 | 13.5
Maces & Flails | 3 4 5 6 8 10 11 12 13 14 | 14.6
Invocations    | 1 3 4 5 |  5.2
Shields        | 7 10 12 13 15 16 | 16.1
Armour         | 5 6 7 8 9 |  9.4
Crossbows      | 2 3 |  3.5
Throwing       | |  0.5

Action                   |  1- 3 |  4- 6 |  7- 9 | 10-12 | 13-15 | 16-18 || total
-------------------------+-------+-------+-------+-------+-------+-------++-------
Melee: Flail             |   156 |   286 |   669 |   895 |   307 |       ||  2313
       Morningstar       |       |       |       |       |   848 |   553 ||  1401
 Fire: Hand crossbow     |       |       |       |       |    55 |     7 ||    62
Throw: Tomahawk          |       |       |       |     3 |     4 |       ||     7
       Javelin           |       |       |       |       |     2 |       ||     2
Invok: Bend Time         |       |       |     1 |     3 |     3 |     2 ||     9
       Slouch            |       |       |       |    10 |     7 |     6 ||    23
       Temporal Distorti |       |       |       |       |     1 |       ||     1
Evoke: Wand              |       |       |       |       |     6 |       ||     6
  Use: Scroll            |       |     8 |    10 |    12 |    19 |     4 ||    53
       Potion            |       |     3 |       |    11 |     1 |     4 ||    19
  Eat: Fruit             |       |     2 |       |     7 |     2 |       ||    11
       Pizza             |       |     1 |       |     4 |     6 |       ||    11
       Bread ration      |       |     1 |       |     1 |     1 |     1 ||     4
       Meat ration       |       |       |     3 |       |       |       ||     3
       Beef jerky        |       |       |       |     2 |       |       ||     2
       Royal jelly       |       |       |       |     1 |       |       ||     1
Armor: Scale mail        |   107 |   181 |   411 |   439 |   421 |   155 ||  1714
Dodge: Dodged            |    49 |   129 |   335 |   815 |   989 |   462 ||  2779
Block: Shield            |    88 |   178 |   481 |   945 |  1415 |   953 ||  4060
       Reflection        |       |       |       |       |    31 |   125 ||   156
